 Dungeon Crawl Stone Soup version 0.27.1-35-g4d5d836560 (webtiles) character file.

Game seed: 17681984169666469500

1250 Delamore the Covert (level 8, -7/50 HPs)
             Began as an Octopode Brigand on Apr 22, 2022.
             Mangled by a water moccasin skeleton (8 damage)
             ... on level 6 of the Dungeon.
             The game lasted 00:05:00 (6306 turns).

Delamore the Covert (Octopode Brigand)              Turns: 6306, Time: 00:05:00

Health: -7/50      AC:  1    Str: 10    XL:     8   Next: 50%
Magic:  8/8        EV: 13    Int: 13    God:
Gold:   299        SH:  0    Dex: 16    Spells: 7/7 levels left

rFire    . . .     SeeInvis +   f - +1 dagger (elec)
rCold    . . .     Faith    .   (no shield)
rNeg     . . .     Spirit   .   (helmet restricted)
rPois    .         Reflect  .   (no amulet)
rElec    .         Harm     .   g - ring of see invisible
rCorr    .         Rampage  .   (no ring)
Will     .....                  (no ring)
Stlth    +++++.....             (no ring)
HPRegen  0.16/turn              (no ring)
MPRegen  0.11/turn              (no ring)
                                (no ring)
                                (no ring)

@: brilliant
A: almost no armour, amphibious, 8 rings, camouflage 1, gelatinous body 1,
(nimble swimmer 1), tentacles
a: no special abilities


You were on level 6 of the Dungeon.
You visited 1 branch of the dungeon, and saw 6 of its levels.

You collected 299 gold pieces.

Inventory:

Hand Weapons
 a - a +2 dagger
 f - a +1 dagger of electrocution (weapon)
 i - a +2 dagger of holy wrath
Missiles
 b - 8 poisoned darts
 c - a curare-tipped dart (quivered)
Jewellery
 g - a ring of see invisible (left tentacle)
Wands
 d - a wand of flame (30)
Scrolls
 e - 2 scrolls of amnesia
 j - 2 scrolls of enchant armour
 l - a scroll of holy word
 n - a scroll of blinking
Potions
 h - 2 potions of attraction


   Skills:
 - Level 2.0 Fighting
 * Level 8.4 Short Blades
 - Level 2.0 Throwing
 - Level 1.0 Dodging
 + Level 9.7 Stealth


You had 7 spell levels left.
You didn't know any spells.
Your spell library contained the following spells:

 Spells                   Type           Power      Damage    Failure   Level
 Slow                     Hex            0%         N/A       43%         2
 Call Canine Familiar     Summ           0%         N/A       67%         3
 Confusing Touch          Hex            0%         N/A       67%         3
 Dazzling Flash           Conj/Hex       0%         N/A       67%         3
 Portal Projectile        Hex/Tloc       0%         N/A       67%         3
 Leda's Liquefaction      Hex/Erth       0%         N/A       97%         4
 Agony                    Necr           0%         N/A       100%        5
 Silence                  Hex/Air        0%         N/A       100%        5
 Yara's Violent Unravell  Hex/Tmut       0%         3d3       100%        5


Dungeon Overview and Level Annotations

Branches:
Dungeon (6/15)             Temple (0/1) D:5

Altars:
Fedhas
Hepliaklqana
Xom

Shops:
D:2 (

Annotations:
D:5 2 transporters, makewrite's ghost, novice MiFi


Innate Abilities, Weirdness & Mutations

You cannot wear most types of armour.
You are amphibious.
You can wear up to eight rings at the same time.
Your skin changes colour to match your surroundings (Stealth+).
Your rubbery body absorbs attacks. (AC +1, EV +1)
((You are camouflaged near water. (Stealth+)))
You have tentacles for arms and can constrict up to eight enemies at once.


Message History

You hit the acid dragon but do no damage.
The acid dragon is lightly wounded.
The acid dragon closely misses you. The acid dragon misses you.
The water moccasin skeleton completely misses you.
You hit the acid dragon.
The acid dragon is moderately wounded.
The acid dragon bites you. The acid dragon claws you.
The water moccasin skeleton bites you.
You hit the acid dragon but do no damage.
The acid dragon is moderately wounded.
You hit the acid dragon but do no damage.
The acid dragon is moderately wounded.
The water moccasin skeleton barely misses you.
The acid dragon spits acid at you. The splash of acid hits you!
* * * LOW HITPOINT WARNING * * *
You are splashed with acid!
* * * LOW HITPOINT WARNING * * *
It was a potion of brilliance.
You feel clever all of a sudden. The water moccasin skeleton bites you.
* * * LOW HITPOINT WARNING * * *
The acid dragon misses you. The acid dragon closely misses you.
You hit the acid dragon.
Lightning courses through the acid dragon!!
The acid dragon is almost dead.
The water moccasin skeleton completely misses you.
You hit the acid dragon.
You kill the acid dragon!
You hit the water moccasin skeleton. You grab the water moccasin skeleton.
The water moccasin skeleton is lightly damaged.
You constrict the water moccasin skeleton, but do no damage.
The water moccasin skeleton bites you.
* * * LOW HITPOINT WARNING * * *
You hit the water moccasin skeleton.
You squeeze the water moccasin skeleton.
The water moccasin skeleton is moderately damaged.
You constrict the water moccasin skeleton.
The water moccasin skeleton bites you!
You die...

#....#......... #.
........P..P...#..
.................(
.....P......P...
#.............###
#.............#.#
#.Z.P......P..#.#
#.@..........<#.#
###...P..P....#.#
##..........#.#
###.....#..#.#
#.#.#.#..#.#
#.#.#.####.#
#.#.#......#
#.#.######## #.#..


You could see a water moccasin skeleton.

Vanquished Creatures
  An acid dragon (D:6)
  2 water moccasins (D:5)
  An ogre (D:5)
  2 phantoms
  A scorpion (D:5)
  A bullfrog zombie (D:5)
  2 hounds
  An orc priest (D:5)
  A bullfrog skeleton (D:3)
  A jelly (D:5)
  Jessica (D:3)
  A scorpion zombie (D:5)
  9 orc wizards
  A hound zombie (D:5)
  A hound skeleton (D:4)
  4 gnolls
  3 adders
  A white imp (D:5)
  An adder zombie (D:5)
  2 dart slugs
  16 orcs
  4 bats
  2 endoplasms
  4 giant cockroaches
  4 hobgoblins
  2 jackals (D:2)
  5 kobolds
  A quokka (D:4)
  3 ball pythons (D:2)
  7 frilled lizards
  3 goblins (D:2)
  5 rats
93 creatures vanquished.

Vanquished Creatures (others)
  A hound zombie (D:5)
  9 plants (D:3)
10 creatures vanquished.

Grand Total: 103 creatures vanquished

Notes
Turn   | Place    | Note
-------+----------+-------------------------------------------
     0 | D:1      | Delamore the Octopode Brigand began the quest for the Orb.
     0 | D:1      | Reached XP level 1. HP: 14/14 MP: 1/1
    30 | D:1      | Found a faded altar of an unknown god.
   246 | D:1      | Reached XP level 2. HP: 18/19 MP: 2/2
   997 | D:2      | Reached XP level 3. HP: 24/24 MP: 3/3
  1085 | D:2      | Found Beloaq's Antique Weapon Boutique.
  1525 | D:2      | Reached skill level 6 in Stealth
  1780 | D:3      | Found a hazy altar of Hepliaklqana.
  2078 | D:3      | Reached XP level 4. HP: 22/29 MP: 4/4
  2636 | D:3      | Noticed a phantom
  2646 | D:3      | Killed a phantom
  2647 | D:3      | Reached XP level 5. HP: 13/34 MP: 5/5
  2886 | D:3      | Noticed Jessica
  2893 | D:3      | Killed Jessica
  2975 | D:4      | Found a blossoming altar of Fedhas.
  2988 | D:4      | Reached skill level 7 in Stealth
  3185 | D:4      | Reached skill level 5 in Short Blades
  3185 | D:4      | Reached XP level 6. HP: 21/39 MP: 6/6
  3763 | D:5      | Entered Level 5 of the Dungeon
  4346 | D:4      | Found a shimmering altar of Xom.
  4669 | D:5      | Found a transporter.
  4669 | D:5      | Noticed makewrite's ghost (novice MiFi)
  4699 | D:5      | Noticed a water moccasin
  4710 | D:5      | Killed a water moccasin
  4711 | D:5      | Reached XP level 7. HP: 34/45 MP: 7/7
  4722 | D:5      | Found a transporter.
  4873 | D:5      | Found a staircase to the Ecumenical Temple.
  4884 | D:5      | Reached skill level 8 in Stealth
  5544 | D:5      | Reached skill level 9 in Stealth
  5544 | D:5      | Reached XP level 8. HP: 50/50 MP: 8/8
  6305 | D:6      | HP: 1/50 [water moccasin skeleton (2)]
  6306 | D:6      | Mangled by a water moccasin skeleton

Illustrated notes

Levels and vault maps discovered:
D:1:      lemuel_arrival_broad_hall, layout_basic, ebering_ecumenical_altar_rust
D:2:      layout_basic, serial_shops, nicolae_shop_trees
D:3:      layout_basic, nicolae_hepliaklqana_hazy_memory, serial_bayou,
          serial_bayou_lake_a, serial_bayou_shore_b, serial_bayou_pond_c,
          serial_bayou_ford_a, uniq_jessica
D:4:      layout_basic, xom_teletrap_fun, mainiacjoe_overflow_small_starburst
D:5:      minmay_angry_zag, layout_loops_corners,
          minmay_temple_entry_from_below_a, gammafunk_ghost_mausoleum,
          lemuel_old_faithful
D:6:      layout_basic, nicolae_dithmenos_shadow_blocks, grunt_decor_junction,
          columned_hall_lemuel, minmay_misc_feat_plants

Skill      XL: |  1  2  3  4  5  6  7  8 |
---------------+-------------------------+-----
Short Blades   | 3 4 5 6 7 8 |  8.4
Stealth        | 6 7 9 |  9.7
Fighting       | |  2.0
Throwing       | |  2.0
Dodging        | |  1.0

Action                   |  1- 3 |  4- 6 |  7- 9 || total
-------------------------+-------+-------+-------++-------
Melee: Dagger            |    71 |    87 |    71 ||   229
       Constrict         |    15 |    18 |    14 ||    47
       Tentacles         |    10 |    24 |    14 ||    48
Throw: Dart              |       |     8 |     2 ||    10
  Use: Scroll            |     2 |     2 |     1 ||     5
       Potion            |       |       |     4 ||     4
 Stab: Sleeping          |    16 |     8 |    13 ||    37
Armor: Skin              |     8 |     2 |       ||    10
Dodge: Dodged            |    29 |    38 |    31 ||    98
